[ AOE2 MATCH · #465822643 ]
Team RMBritons vs Persians
[ REPLAY ANALYSIS · EXTRACTED FROM THE RECORDED GAME ]
Feudal
—
Castle
—
Imperial
—
| APM avg | 14.2 |
| APM peak | 37 |
| eAPM avg | 11.1 |
| Villagers / military | 137 / 10 |
Focus
⚔️ 4.8% · 🌾 95.2%
Longbowman ×10
Feudal
11:31
Castle
17:56
Imperial
—
| APM avg | 33.1 |
| APM peak | 78 |
| eAPM avg | 19.0 |
| Villagers / military | 81 / 6 |
Focus
⚔️ 17.4% · 🌾 82.6%
Monk ×2 · Spearman ×2 · Mangonel ×2
Feudal
11:27
Castle
19:08
Imperial
—
| APM avg | 18.8 |
| APM peak | 41 |
| eAPM avg | 12.3 |
| Villagers / military | 67 / 25 |
Focus
⚔️ 14.3% · 🌾 85.7%
Throwing Axeman ×21 · Knight ×2 · Spearman ×1 · Monk ×1
Feudal
13:05
Castle
—
Imperial
—
| APM avg | 7.0 |
| APM peak | 26 |
| eAPM avg | 5.4 |
| Villagers / military | 36 / 4 |
Focus
⚔️ 5.1% · 🌾 94.9%
Militia ×4
Feudal
12:48
Castle
17:09
Imperial
—
| APM avg | 19.0 |
| APM peak | 63 |
| eAPM avg | 12.0 |
| Villagers / military | 128 / 4 |
Focus
⚔️ 5.5% · 🌾 94.5%
Mangonel ×4
Feudal
12:46
Castle
19:21
Imperial
—
| APM avg | 14.9 |
| APM peak | 30 |
| eAPM avg | 12.2 |
| Villagers / military | 87 / 1 |
Focus
⚔️ 8.2% · 🌾 91.8%
Monk ×1
Feudal
13:48
Castle
19:49
Imperial
—
| APM avg | 14.7 |
| APM peak | 50 |
| eAPM avg | 11.0 |
| Villagers / military | 92 / 35 |
Focus
⚔️ 18.2% · 🌾 81.8%
Spearman ×19 · Skirmisher ×16
Feudal
11:00
Castle
14:30
Imperial
—
| APM avg | 31.3 |
| APM peak | 51 |
| eAPM avg | 20.4 |
| Villagers / military | 75 / 27 |
Focus
⚔️ 39.4% · 🌾 60.6%
Jaguar Warrior ×22 · Battering Ram ×4 · Monk ×1
Match map
Resources at game start + every placement click. Thick line = wall · dashed box = detected house wall. 🟡 gold · ⚪ stone · 🟢 berries · 🔶 boar · ⭕ relic
Inputs per minute
— LordSakayO - - Wowi
Build order — LordSakayO
First 150 of 184 actions detected
| 0:03 | Create | Villager (Male) ×4 |
| 0:05 | Build | House |
| 0:07 | Build | House |
| 1:34 | Create | Villager (Male) |
| 2:02 | Create | Villager (Male) |
| 2:02 | Create | Villager (Male) |
| 2:17 | Create | Villager (Male) |
| 2:58 | Create | Villager (Male) |
| 2:58 | Create | Villager (Male) |
| 3:03 | Build | House |
| 3:16 | Create | Villager (Male) |
| 3:36 | Create | Villager (Male) |
| 3:36 | Create | Villager (Male) |
| 3:58 | Create | Villager (Male) |
| 3:58 | Create | Villager (Male) |
| 4:27 | Create | Villager (Male) |
| 4:27 | Create | Villager (Male) |
| 4:48 | Create | Villager (Male) |
| 4:48 | Create | Villager (Male) |
| 5:24 | Create | Villager (Male) |
| 5:24 | Create | Villager (Male) |
| 5:25 | Create | Villager (Male) |
| 5:25 | Create | Villager (Male) |
| 5:50 | Create | Villager (Male) |
| 5:51 | Create | Villager (Male) |
| 5:51 | Create | Villager (Male) |
| 6:13 | Build | Lumber Camp |
| 6:22 | Build | Mill |
| 6:26 | Create | Villager (Male) |
| 6:26 | Create | Villager (Male) |
| 6:50 | Build | House |
| 7:17 | Build | Mill |
| 7:58 | Build | Mining Camp |
| 8:14 | Build | House |
| 8:32 | Research | Feudal Age |
| 10:10 | Create | Villager (Male) |
| 10:10 | Create | Villager (Male) |
| 10:39 | Create | Villager (Male) |
| 10:46 | Build | Market |
| 10:51 | Build | Blacksmith |
| 11:13 | Build | Mining Camp |
| 11:38 | Build | Farm |
| 11:52 | Research | Castle Age |
| 13:00 | Research | Double-Bit Axe |
| 14:30 | Create | Villager (Male) |
| 14:31 | Create | Villager (Male) |
| 14:37 | Build | Town Center |
| 14:46 | Build | Town Center |
| 14:58 | Build | Town Center |
| 15:08 | Create | Villager (Male) |
| 15:25 | Build | Farm |
| 15:26 | Build | Farm |
| 15:27 | Build | Farm |
| 15:28 | Build | Farm |
| 15:32 | Build | Farm |
| 15:35 | Create | Villager (Male) |
| 16:03 | Create | Villager (Male) |
| 16:04 | Create | Villager (Male) |
| 16:04 | Create | Villager (Male) |
| 16:04 | Create | Villager (Male) |
| 16:13 | Build | Farm |
| 16:22 | Create | Villager (Male) |
| 16:29 | Build | Farm |
| 16:41 | Build | Farm |
| 16:44 | Create | Villager (Male) |
| 16:58 | Build | Farm |
| 17:07 | Build | Farm |
| 17:09 | Create | Villager (Male) |
| 17:09 | Create | Villager (Male) |
| 17:17 | Build | Farm |
| 17:27 | Create | Villager (Male) |
| 17:27 | Create | Villager (Male) |
| 17:35 | Build | Farm |
| 17:36 | Build | Farm |
| 17:39 | Build | Farm |
| 17:41 | Create | Villager (Male) |
| 18:08 | Build | Farm |
| 18:14 | Build | Farm |
| 18:18 | Build | Farm |
| 18:22 | Build | Farm |
| 18:28 | Create | Villager (Male) |
| 18:28 | Create | Villager (Male) |
| 18:28 | Create | Villager (Male) |
| 18:28 | Create | Villager (Male) |
| 18:31 | Create | Villager (Male) |
| 18:32 | Create | Villager (Male) |
| 18:45 | Create | Villager (Male) |
| 18:51 | Build | Farm |
| 18:52 | Build | Farm |
| 18:55 | Create | Villager (Male) |
| 19:03 | Build | House |
| 19:04 | Build | House |
| 19:06 | Build | House |
| 19:07 | Build | House |
| 19:12 | Create | Villager (Male) |
| 19:12 | Create | Villager (Male) |
| 19:30 | Create | Villager (Male) |
| 19:30 | Create | Villager (Male) |
| 19:30 | Create | Villager (Male) |
| 19:33 | Create | Villager (Male) |
| 19:34 | Create | Villager (Male) |
| 19:42 | Create | Villager (Male) |
| 19:42 | Create | Villager (Male) |
| 19:49 | Build | Farm |
| 19:49 | Build | Farm |
| 19:52 | Build | Farm |
| 19:55 | Create | Villager (Male) |
| 19:55 | Create | Villager (Male) |
| 19:55 | Create | Villager (Male) |
| 20:06 | Build | Farm |
| 20:09 | Build | House |
| 20:11 | Create | Villager (Male) |
| 20:12 | Create | Villager (Male) |
| 20:12 | Create | Villager (Male) |
| 20:21 | Create | Villager (Male) |
| 20:27 | Build | Farm |
| 20:33 | Create | Villager (Male) |
| 20:33 | Create | Villager (Male) |
| 20:52 | Create | Villager (Male) |
| 20:52 | Create | Villager (Male) |
| 20:52 | Create | Villager (Male) |
| 20:52 | Create | Villager (Male) |
| 21:02 | Create | Villager (Male) |
| 21:02 | Create | Villager (Male) |
| 21:06 | Create | Villager (Male) |
| 21:10 | Create | Villager (Male) |
| 21:13 | Build | House |
| 21:14 | Build | House |
| 21:17 | Build | House |
| 21:18 | Build | House |
| 21:21 | Build | House |
| 21:22 | Build | House |
| 21:24 | Create | Villager (Male) |
| 21:25 | Create | Villager (Male) |
| 21:25 | Create | Villager (Male) |
| 22:01 | Build | Castle |
| 22:05 | Create | Villager (Male) ×5 |
| 22:05 | Create | Villager (Male) ×5 |
| 22:05 | Create | Villager (Male) |
| 22:05 | Create | Villager (Male) |
| 22:06 | Research | Loom |
| 22:21 | Build | Farm |
| 22:27 | Build | Farm |
| 22:39 | Build | Farm |
| 22:40 | Build | Farm |
| 22:41 | Build | Farm |
| 22:43 | Build | Farm |
| 22:45 | Build | Farm |
| 22:47 | Build | Farm |
| 22:51 | Create | Villager (Male) |
Build order — Wowi
First 150 of 181 actions detected
| 0:11 | Create | Villager (Male) |
| 0:11 | Create | Villager (Male) |
| 0:11 | Create | Villager (Male) |
| 0:11 | Create | Villager (Male) |
| 0:12 | Build | House |
| 0:14 | Build | House |
| 1:43 | Create | Villager (Male) |
| 1:43 | Create | Villager (Male) |
| 1:43 | Create | Villager (Male) |
| 1:55 | Build | Lumber Camp |
| 2:08 | Create | Villager (Male) |
| 2:08 | Create | Villager (Male) |
| 2:24 | Create | Villager (Male) |
| 2:24 | Create | Villager (Male) |
| 2:44 | Build | House |
| 2:45 | Build | House |
| 2:49 | Create | Villager (Male) |
| 2:50 | Create | Villager (Male) |
| 3:09 | Create | Villager (Male) |
| 3:09 | Create | Villager (Male) |
| 3:27 | Build | House |
| 3:42 | Create | Villager (Male) |
| 3:43 | Create | Villager (Male) |
| 4:05 | Create | Villager (Male) |
| 4:05 | Create | Villager (Male) |
| 4:31 | Create | Villager (Male) |
| 4:31 | Create | Villager (Male) |
| 4:38 | Create | Villager (Male) |
| 4:49 | Build | Mill |
| 5:24 | Create | Villager (Male) |
| 5:49 | Create | Villager (Male) |
| 6:05 | Build | Mill |
| 6:13 | Create | Villager (Male) |
| 6:29 | Create | Villager (Male) |
| 7:08 | Create | Villager (Male) |
| 7:39 | Create | Villager (Male) |
| 7:44 | Build | Mining Camp |
| 8:04 | Create | Villager (Male) |
| 8:21 | Create | Villager (Male) |
| 8:33 | Build | Farm |
| 8:45 | Create | Villager (Male) |
| 8:58 | Build | Farm |
| 9:09 | Research | Feudal Age |
| 9:10 | Research | Feudal Age |
| 9:23 | Build | Farm |
| 9:35 | Build | Barracks |
| 10:06 | Create | Villager (Male) |
| 10:12 | Build | House |
| 10:13 | Build | House |
| 11:07 | Create | Villager (Male) |
| 11:07 | Create | Villager (Male) |
| 11:31 | Age | Feudal Age |
| 11:31 | Research | Double-Bit Axe |
| 11:32 | Research | Double-Bit Axe |
| 11:45 | Build | Market |
| 11:48 | Build | House |
| 12:09 | Build | Lumber Camp |
| 12:14 | Create | Villager (Male) |
| 12:59 | Build | Farm |
| 13:01 | Research | Wheelbarrow |
| 13:23 | Build | Blacksmith |
| 13:31 | Build | Farm |
| 13:33 | Build | Farm |
| 13:36 | Build | Farm |
| 13:41 | Create | Villager (Male) |
| 14:17 | Build | Archery Range |
| 14:41 | Create | Villager (Male) |
| 14:59 | Build | Farm |
| 15:02 | Research | Castle Age |
| 15:10 | Build | Mining Camp |
| 15:18 | Build | Farm |
| 15:32 | Build | Outpost |
| 15:42 | Research | Horse Collar |
| 15:45 | Build | Lumber Camp |
| 16:22 | Build | Mining Camp |
| 16:50 | Create | Villager (Male) |
| 17:46 | Create | Villager (Male) |
| 17:48 | Build | Farm |
| 17:56 | Age | Castle Age |
| 17:58 | Research | Bow Saw |
| 18:00 | Build | Town Center |
| 18:37 | Create | Villager (Male) |
| 18:48 | Build | Monastery |
| 19:02 | Create | Villager (Male) |
| 19:25 | Build | Farm |
| 19:27 | Build | Farm |
| 19:41 | Build | Palisade Wall |
| 19:43 | Build | Palisade Wall |
| 19:52 | Build | House |
| 19:53 | Build | House |
| 19:53 | Build | House |
| 19:54 | Build | House |
| 19:54 | Build | House |
| 19:54 | Build | House |
| 19:59 | Create | Villager (Male) |
| 20:00 | Create | Villager (Male) |
| 20:02 | Create | Villager (Male) |
| 20:04 | Build | Farm |
| 20:10 | Build | Town Center |
| 20:33 | Build | Farm |
| 20:35 | Create | Villager (Male) |
| 20:44 | Create | Villager (Male) |
| 20:47 | Create | Villager (Male) |
| 21:03 | Build | Farm |
| 21:08 | Create | Villager (Male) |
| 21:17 | Create | Villager (Male) |
| 21:20 | Build | House |
| 21:21 | Build | House |
| 21:21 | Build | House |
| 21:23 | Build | University |
| 21:27 | Create | Villager (Male) |
| 21:27 | Create | Villager (Male) |
| 21:30 | Build | Farm |
| 21:33 | Create | Villager (Male) |
| 21:37 | Build | Barracks |
| 21:46 | Create | Villager (Male) |
| 21:49 | Create | Villager (Male) |
| 21:50 | Create | Villager (Male) |
| 21:54 | Build | Farm |
| 21:57 | Build | Lumber Camp |
| 22:04 | Create | Monk |
| 22:09 | Create | Villager (Male) |
| 22:21 | Build | Farm |
| 22:24 | Build | Farm |
| 22:32 | Create | Villager (Male) |
| 22:34 | Create | Villager (Male) |
| 22:37 | Create | Villager (Male) |
| 22:39 | Build | Barracks |
| 22:42 | Create | Spearman |
| 22:43 | Create | Spearman |
| 22:46 | Build | Palisade Wall |
| 22:52 | Build | Palisade Wall |
| 23:02 | Build | Farm |
| 23:05 | Research | Hand Cart |
| 23:08 | Build | Farm |
| 23:10 | Create | Villager (Male) |
| 23:27 | Build | Barracks |
| 23:30 | Create | Villager (Male) |
| 23:34 | Create | Villager (Male) |
| 23:34 | Create | Villager (Male) |
| 24:16 | Build | Castle |
| 24:23 | Create | Villager (Male) |
| 24:23 | Create | Villager (Male) |
| 24:24 | Create | Villager (Male) |
| 24:26 | Create | Villager (Male) |
| 24:28 | Build | Farm |
| 24:43 | Create | Monk |
| 24:47 | Create | Villager (Male) |
| 24:53 | Create | Villager (Male) |
| 24:55 | Build | Farm |
Build order — budreaux
First 150 of 178 actions detected
| 0:00 | Create | Villager (Male) |
| 0:01 | Create | Villager (Male) |
| 0:01 | Create | Villager (Male) |
| 0:02 | Create | Villager (Male) |
| 0:03 | Build | House |
| 0:05 | Build | House |
| 0:09 | Build | House |
| 0:43 | Research | Loom |
| 1:34 | Create | Villager (Male) |
| 1:55 | Build | Lumber Camp |
| 2:04 | Create | Villager (Male) |
| 2:24 | Create | Villager (Male) |
| 2:59 | Create | Villager (Male) |
| 3:21 | Create | Villager (Male) |
| 3:53 | Create | Villager (Male) |
| 3:54 | Create | Villager (Male) |
| 4:13 | Build | House |
| 4:15 | Build | House |
| 4:16 | Build | House |
| 4:19 | Build | House |
| 4:38 | Create | Villager (Male) |
| 5:17 | Create | Villager (Male) |
| 5:57 | Create | Villager (Male) |
| 5:57 | Create | Villager (Male) |
| 5:57 | Create | Villager (Male) |
| 6:18 | Create | Villager (Male) |
| 6:48 | Build | Mill |
| 6:54 | Create | Villager (Male) |
| 7:27 | Create | Villager (Male) |
| 7:41 | Build | House |
| 7:43 | Build | House |
| 7:46 | Build | House |
| 7:50 | Create | Villager (Male) |
| 8:17 | Build | Mining Camp |
| 8:28 | Create | Villager (Male) |
| 8:47 | Research | Feudal Age |
| 8:53 | Build | Farm |
| 8:55 | Build | Farm |
| 9:34 | Build | Mining Camp |
| 9:39 | Create | Villager (Male) |
| 9:40 | Create | Villager (Male) |
| 9:48 | Build | Farm |
| 11:01 | Create | Villager (Male) |
| 11:27 | Age | Feudal Age |
| 11:32 | Build | Farm |
| 11:34 | Build | Farm |
| 11:35 | Build | Farm |
| 11:38 | Build | Farm |
| 11:41 | Create | Villager (Male) |
| 11:45 | Research | Double-Bit Axe |
| 11:56 | Build | Farm |
| 12:06 | Build | Farm |
| 12:12 | Build | Farm |
| 12:14 | Create | Villager (Male) |
| 12:31 | Build | Market |
| 12:33 | Create | Villager (Male) |
| 12:41 | Create | Villager (Male) |
| 13:57 | Build | Blacksmith |
| 14:00 | Create | Villager (Male) |
| 14:16 | Create | Villager (Male) |
| 14:24 | Build | Lumber Camp |
| 14:27 | Create | Villager (Male) |
| 14:37 | Build | House |
| 14:41 | Build | House |
| 14:42 | Build | House |
| 14:57 | Build | Farm |
| 15:19 | Build | House |
| 15:22 | Create | Villager (Male) |
| 15:27 | Build | Farm |
| 15:42 | Build | Farm |
| 15:45 | Create | Villager (Male) |
| 16:06 | Build | Farm |
| 16:21 | Research | Castle Age |
| 16:35 | Build | Barracks |
| 16:43 | Create | Villager (Male) |
| 16:47 | Create | Villager (Male) |
| 16:57 | Research | Stone Mining |
| 17:16 | Research | Gold Mining |
| 17:40 | Build | House |
| 18:32 | Create | Spearman |
| 18:42 | Build | Stable |
| 19:08 | Age | Castle Age |
| 19:19 | Build | Castle |
| 19:52 | Build | House |
| 20:05 | Create | Villager (Male) |
| 20:15 | Build | Town Center |
| 20:18 | Create | Villager (Male) |
| 20:23 | Research | Bow Saw |
| 20:40 | Build | House |
| 20:42 | Create | Villager (Male) |
| 21:12 | Build | Town Center |
| 21:17 | Create | Villager (Male) |
| 21:20 | Research | Wheelbarrow |
| 21:24 | Build | House |
| 21:29 | Build | Farm |
| 21:32 | Create | Throwing Axeman |
| 21:33 | Create | Throwing Axeman |
| 21:36 | Create | Throwing Axeman |
| 21:37 | Create | Throwing Axeman |
| 21:39 | Create | Throwing Axeman |
| 21:43 | Research | Fletching |
| 21:48 | Create | Villager (Male) |
| 21:53 | Create | Knight |
| 21:57 | Create | Villager (Male) |
| 22:01 | Build | House |
| 22:03 | Create | Villager (Male) |
| 22:07 | Create | Villager (Male) |
| 22:15 | Build | Farm |
| 22:19 | Build | Farm |
| 22:20 | Create | Villager (Male) |
| 22:22 | Create | Villager (Male) |
| 22:51 | Create | Throwing Axeman |
| 22:52 | Create | Throwing Axeman |
| 22:53 | Create | Throwing Axeman |
| 23:02 | Create | Knight |
| 23:10 | Create | Throwing Axeman |
| 24:16 | Create | Throwing Axeman |
| 24:16 | Create | Throwing Axeman |
| 24:17 | Create | Throwing Axeman |
| 24:21 | Create | Villager (Male) |
| 24:22 | Create | Villager (Male) |
| 24:23 | Create | Villager (Male) |
| 24:26 | Build | Farm |
| 24:27 | Build | Farm |
| 24:27 | Build | Farm |
| 24:28 | Build | Farm |
| 24:30 | Create | Villager (Male) |
| 24:31 | Create | Villager (Male) |
| 24:35 | Build | Farm |
| 24:35 | Build | Farm |
| 24:36 | Build | Farm |
| 24:36 | Build | Farm |
| 24:36 | Build | Farm |
| 24:37 | Build | Farm |
| 24:39 | Create | Villager (Male) |
| 24:45 | Create | Villager (Male) |
| 24:46 | Create | Villager (Male) |
| 24:49 | Build | House |
| 24:53 | Create | Throwing Axeman |
| 25:14 | Create | Throwing Axeman |
| 25:15 | Create | Throwing Axeman |
| 25:32 | Build | Farm |
| 25:33 | Build | Farm |
| 25:33 | Build | Farm |
| 25:37 | Build | House |
| 25:48 | Create | Villager (Male) |
| 25:48 | Create | Villager (Male) |
| 25:51 | Create | Villager (Male) |
| 25:51 | Create | Villager (Male) |
| 25:54 | Create | Villager (Male) |
Build order — MANMOOSE
79 actions detected in the replay
| 0:03 | Create | Villager (Male) |
| 0:03 | Create | Villager (Male) |
| 0:04 | Create | Villager (Male) |
| 0:04 | Create | Villager (Male) |
| 0:05 | Build | House |
| 0:07 | Build | House |
| 1:34 | Create | Villager (Male) |
| 2:10 | Create | Villager (Male) |
| 2:23 | Create | Villager (Male) |
| 2:53 | Create | Villager (Male) |
| 3:23 | Create | Villager (Male) ×2 |
| 3:30 | Build | House |
| 3:31 | Build | House |
| 3:33 | Build | House |
| 3:35 | Build | House |
| 3:51 | Build | House |
| 3:52 | Build | House |
| 4:03 | Create | Villager (Male) ×2 |
| 4:41 | Create | Villager (Male) ×2 |
| 4:44 | Research | Loom |
| 5:23 | Build | Mill |
| 5:31 | Create | Villager (Male) ×2 |
| 6:36 | Create | Villager (Male) |
| 6:58 | Create | Villager (Male) |
| 7:49 | Create | Villager (Male) ×5 |
| 8:04 | Build | Lumber Camp |
| 9:12 | Build | Mill |
| 9:36 | Create | Villager (Male) |
| 9:36 | Create | Villager (Male) |
| 9:46 | Build | Mining Camp |
| 10:06 | Build | Farm |
| 10:06 | Build | Farm |
| 10:15 | Build | Farm |
| 10:15 | Build | Farm |
| 10:36 | Build | Mining Camp |
| 10:42 | Research | Feudal Age |
| 13:01 | Build | Barracks |
| 13:05 | Age | Feudal Age |
| 13:13 | Build | Outpost |
| 13:15 | Build | Outpost |
| 13:17 | Build | Outpost |
| 13:18 | Build | Outpost |
| 13:21 | Build | Outpost |
| 13:22 | Build | Outpost |
| 13:25 | Build | Outpost |
| 13:29 | Research | Wheelbarrow |
| 13:33 | Research | Double-Bit Axe |
| 13:34 | Research | Horse Collar |
| 13:36 | Create | Villager (Male) ×5 |
| 13:39 | Build | Farm |
| 13:39 | Build | Farm |
| 13:40 | Build | Farm |
| 13:40 | Build | Farm |
| 13:41 | Build | Farm |
| 14:11 | Build | House |
| 14:13 | Build | House |
| 14:14 | Build | House |
| 14:15 | Build | House |
| 14:20 | Build | House |
| 14:21 | Build | House |
| 14:45 | Create | Villager (Male) ×5 |
| 14:49 | Create | Villager (Male) |
| 15:47 | Create | Militia ×4 |
| 16:23 | Build | Farm |
| 16:24 | Build | Farm |
| 16:24 | Build | Farm |
| 16:24 | Build | Farm |
| 16:40 | Research | Man-at-Arms (upgrade) |
| 16:57 | Build | Building 490 |
| 17:02 | Build | Stone Wall |
| 18:20 | Build | Stone Wall |
| 19:00 | Build | Farm |
| 19:01 | Build | Farm |
| 19:01 | Build | Farm |
| 19:01 | Build | Farm |
| 19:21 | Research | Castle Age |
| 19:50 | Build | Archery Range |
| 20:06 | Research | Gold Mining |
| 20:07 | Research | Stone Mining |
Build order — Slayer30
First 150 of 240 actions detected
| 0:01 | Create | Villager (Male) |
| 0:02 | Create | Villager (Male) |
| 0:02 | Create | Villager (Male) |
| 0:06 | Build | House |
| 0:10 | Build | House |
| 0:35 | Create | Villager (Male) |
| 0:35 | Create | Villager (Male) |
| 0:36 | Create | Villager (Male) |
| 1:31 | Create | Villager (Male) |
| 1:31 | Create | Villager (Male) |
| 2:11 | Build | Lumber Camp |
| 2:34 | Create | Villager (Male) |
| 2:35 | Create | Villager (Male) |
| 2:35 | Create | Villager (Male) |
| 2:54 | Create | Villager (Male) |
| 3:18 | Create | Villager (Male) |
| 3:30 | Build | House |
| 3:32 | Build | House |
| 4:23 | Create | Villager (Male) |
| 4:24 | Create | Villager (Male) |
| 4:24 | Create | Villager (Male) |
| 4:25 | Create | Villager (Male) |
| 5:26 | Create | Villager (Male) |
| 5:26 | Create | Villager (Male) |
| 5:26 | Create | Villager (Male) |
| 5:27 | Create | Villager (Male) |
| 6:15 | Build | Mill |
| 6:19 | Create | Villager (Male) |
| 6:19 | Create | Villager (Male) |
| 6:38 | Research | Loom |
| 6:40 | Create | Villager (Male) |
| 7:06 | Create | Villager (Male) |
| 7:07 | Create | Villager (Male) |
| 7:45 | Build | Lumber Camp |
| 8:00 | Build | House |
| 8:02 | Build | House |
| 8:10 | Create | Villager (Male) |
| 8:10 | Create | Villager (Male) |
| 8:32 | Create | Villager (Male) |
| 8:33 | Create | Villager (Male) |
| 8:37 | Create | Villager (Male) |
| 8:41 | Create | Villager (Male) |
| 9:39 | Build | Mill |
| 10:15 | Build | Mining Camp |
| 10:36 | Build | Mill |
| 10:44 | Research | Feudal Age |
| 11:36 | Create | Villager (Male) |
| 11:37 | Create | Villager (Male) |
| 11:37 | Create | Villager (Male) |
| 12:48 | Age | Feudal Age |
| 12:56 | Build | Market |
| 13:04 | Build | Blacksmith |
| 13:47 | Build | Mining Camp |
| 14:00 | Create | Villager (Male) |
| 14:44 | Research | Castle Age |
| 15:50 | Research | Wheelbarrow |
| 15:58 | Research | Double-Bit Axe |
| 16:47 | Research | Wheelbarrow |
| 17:09 | Age | Castle Age |
| 17:18 | Build | Town Center |
| 17:33 | Build | Town Center |
| 17:44 | Build | Town Center |
| 17:49 | Research | Horse Collar |
| 17:59 | Build | Farm |
| 18:00 | Build | Farm |
| 18:00 | Build | Farm |
| 18:00 | Build | Farm |
| 18:22 | Research | Town Watch |
| 18:53 | Create | Villager (Male) |
| 19:13 | Build | Farm |
| 19:14 | Build | Farm |
| 19:14 | Build | Farm |
| 19:15 | Build | Farm |
| 19:15 | Build | Farm |
| 19:31 | Build | Farm |
| 19:31 | Build | Farm |
| 19:32 | Build | Farm |
| 19:32 | Build | Farm |
| 20:00 | Research | Heavy Plow |
| 20:02 | Create | Villager (Male) |
| 20:03 | Create | Villager (Male) |
| 20:03 | Create | Villager (Male) |
| 20:03 | Create | Villager (Male) |
| 20:04 | Create | Villager (Male) |
| 20:04 | Create | Villager (Male) |
| 20:04 | Create | Villager (Male) |
| 20:16 | Build | Farm |
| 20:16 | Build | Farm |
| 20:16 | Build | Farm |
| 20:16 | Build | Farm |
| 20:17 | Build | Farm |
| 20:17 | Build | Farm |
| 20:17 | Build | Farm |
| 20:17 | Build | Farm |
| 20:29 | Create | Villager (Male) |
| 20:52 | Build | Siege Workshop |
| 21:07 | Build | Stone Wall |
| 21:17 | Build | Stone Wall |
| 21:24 | Research | Bow Saw |
| 21:29 | Create | Villager (Male) |
| 21:29 | Create | Villager (Male) |
| 21:29 | Create | Villager (Male) |
| 21:30 | Create | Villager (Male) |
| 21:30 | Create | Villager (Male) |
| 21:30 | Create | Villager (Male) |
| 21:31 | Create | Villager (Male) |
| 21:36 | Build | Farm |
| 21:37 | Build | Farm |
| 21:37 | Build | Farm |
| 21:37 | Build | Farm |
| 21:38 | Build | Farm |
| 21:50 | Create | Mangonel |
| 22:08 | Build | Building 665 |
| 22:19 | Create | Villager (Male) |
| 22:20 | Create | Villager (Male) |
| 22:20 | Create | Villager (Male) |
| 22:21 | Create | Villager (Male) |
| 22:21 | Create | Villager (Male) |
| 22:21 | Create | Villager (Male) |
| 22:22 | Create | Villager (Male) |
| 22:29 | Create | Villager (Male) |
| 22:30 | Create | Villager (Male) |
| 22:30 | Create | Villager (Male) |
| 22:30 | Create | Villager (Male) |
| 22:47 | Build | Farm |
| 22:47 | Build | Farm |
| 22:48 | Build | Farm |
| 22:48 | Build | Farm |
| 22:49 | Build | Farm |
| 23:22 | Create | Mangonel |
| 23:22 | Create | Mangonel |
| 23:23 | Create | Mangonel |
| 23:33 | Build | House |
| 23:34 | Build | House |
| 23:36 | Build | House |
| 23:37 | Build | House |
| 23:53 | Build | Farm |
| 24:07 | Create | Villager (Male) |
| 24:07 | Create | Villager (Male) |
| 24:07 | Create | Villager (Male) |
| 24:08 | Create | Villager (Male) |
| 24:08 | Create | Villager (Male) |
| 24:08 | Create | Villager (Male) |
| 24:09 | Create | Villager (Male) |
| 24:14 | Create | Villager (Male) |
| 24:14 | Create | Villager (Male) |
| 24:15 | Create | Villager (Male) |
| 24:15 | Create | Villager (Male) |
| 24:15 | Create | Villager (Male) |
| 24:16 | Create | Villager (Male) |
Build order — DSLG | Jorg3.M
First 150 of 177 actions detected
| 0:08 | Create | Villager (Male) |
| 0:08 | Create | Villager (Male) |
| 0:09 | Create | Villager (Male) |
| 0:09 | Create | Villager (Male) |
| 0:09 | Create | Villager (Male) |
| 1:42 | Create | Villager (Male) |
| 1:42 | Create | Villager (Male) |
| 2:09 | Create | Villager (Male) |
| 2:09 | Create | Villager (Male) |
| 2:15 | Research | Loom |
| 2:32 | Create | Villager (Male) |
| 2:33 | Create | Villager (Male) |
| 2:47 | Create | Villager (Male) |
| 3:20 | Create | Villager (Male) |
| 3:21 | Create | Villager (Male) |
| 4:21 | Create | Villager (Male) |
| 4:21 | Create | Villager (Male) |
| 4:21 | Create | Villager (Male) |
| 4:22 | Create | Villager (Male) |
| 4:26 | Build | Mill |
| 4:29 | Create | Villager (Male) |
| 4:30 | Create | Villager (Male) |
| 5:07 | Create | Villager (Male) |
| 5:08 | Create | Villager (Male) |
| 5:08 | Create | Villager (Male) |
| 5:20 | Build | Lumber Camp |
| 6:28 | Create | Villager (Male) |
| 6:29 | Create | Villager (Male) |
| 6:29 | Create | Villager (Male) |
| 6:42 | Build | Mill |
| 7:29 | Create | Villager (Male) |
| 7:36 | Create | Villager (Male) |
| 8:30 | Create | Villager (Male) |
| 8:31 | Create | Villager (Male) |
| 8:31 | Create | Villager (Male) |
| 8:32 | Create | Villager (Male) |
| 8:32 | Create | Villager (Male) |
| 9:00 | Build | Lumber Camp |
| 10:08 | Research | Feudal Age |
| 11:31 | Build | Farm |
| 11:32 | Build | Farm |
| 11:32 | Build | Farm |
| 11:33 | Build | Farm |
| 11:34 | Build | Farm |
| 11:35 | Build | Farm |
| 12:45 | Create | Villager (Male) |
| 12:46 | Age | Feudal Age |
| 12:50 | Research | Town Watch |
| 12:55 | Research | Double-Bit Axe |
| 12:56 | Research | Horse Collar |
| 12:58 | Create | Villager (Male) |
| 12:59 | Create | Villager (Male) |
| 13:11 | Build | Mining Camp |
| 13:21 | Build | Farm |
| 13:25 | Create | Villager (Male) |
| 13:26 | Create | Villager (Male) |
| 13:57 | Create | Villager (Male) |
| 14:00 | Build | Farm |
| 14:05 | Build | Farm |
| 14:34 | Build | Farm |
| 14:47 | Build | Blacksmith |
| 14:54 | Build | Market |
| 15:13 | Build | Mining Camp |
| 15:18 | Build | Farm |
| 15:24 | Build | Farm |
| 15:26 | Create | Villager (Male) |
| 15:49 | Create | Villager (Male) |
| 15:56 | Build | Farm |
| 15:57 | Build | Farm |
| 16:01 | Create | Villager (Male) |
| 16:31 | Research | Castle Age |
| 16:52 | Build | Farm |
| 17:15 | Research | Gold Mining |
| 17:15 | Research | Stone Mining |
| 17:20 | Research | Scale Barding Armor |
| 17:20 | Research | Forging |
| 19:10 | Research | Town Watch |
| 19:10 | Research | Wheelbarrow |
| 19:21 | Age | Castle Age |
| 19:26 | Build | Town Center |
| 19:32 | Research | Heavy Plow |
| 19:34 | Research | Bow Saw |
| 19:50 | Build | Monastery |
| 19:58 | Research | Gold Shaft Mining |
| 20:25 | Build | Barracks |
| 20:32 | Create | Monk |
| 20:58 | Create | Villager (Male) |
| 20:58 | Create | Villager (Male) |
| 20:58 | Create | Villager (Male) |
| 20:58 | Create | Villager (Male) |
| 20:58 | Create | Villager (Male) |
| 20:58 | Create | Villager (Male) |
| 20:58 | Create | Villager (Male) |
| 21:39 | Build | Town Center |
| 21:56 | Build | Archery Range |
| 22:11 | Research | Fletching |
| 22:11 | Research | Padded Archer Armor |
| 22:53 | Build | Archery Range |
| 23:04 | Build | Castle |
| 23:14 | Build | Farm |
| 23:14 | Build | Farm |
| 23:24 | Create | Villager (Male) |
| 23:31 | Create | Villager (Male) |
| 23:32 | Create | Villager (Male) |
| 23:32 | Create | Villager (Male) |
| 23:32 | Create | Villager (Male) |
| 23:33 | Create | Villager (Male) |
| 23:33 | Create | Villager (Male) |
| 23:33 | Create | Villager (Male) |
| 23:33 | Create | Villager (Male) |
| 23:34 | Create | Villager (Male) |
| 23:34 | Create | Villager (Male) |
| 23:34 | Create | Villager (Male) |
| 23:34 | Create | Villager (Male) |
| 23:35 | Create | Villager (Male) |
| 23:51 | Build | Lumber Camp |
| 23:59 | Build | Farm |
| 24:29 | Research | Leather Archer Armor |
| 24:49 | Build | Farm |
| 24:53 | Create | Villager (Male) |
| 24:53 | Create | Villager (Male) |
| 24:53 | Create | Villager (Male) |
| 24:54 | Create | Villager (Male) |
| 24:54 | Create | Villager (Male) |
| 24:54 | Create | Villager (Male) |
| 25:06 | Build | Farm |
| 25:09 | Build | Farm |
| 25:34 | Build | University |
| 25:39 | Build | Farm |
| 25:42 | Create | Villager (Male) |
| 25:42 | Create | Villager (Male) |
| 25:43 | Create | Villager (Male) |
| 25:43 | Create | Villager (Male) |
| 25:43 | Create | Villager (Male) |
| 25:43 | Create | Villager (Male) |
| 25:44 | Create | Villager (Male) |
| 25:44 | Create | Villager (Male) |
| 26:02 | Build | Farm |
| 26:02 | Build | Farm |
| 26:02 | Build | Farm |
| 26:02 | Build | Farm |
| 26:02 | Build | Farm |
| 26:08 | Build | Farm |
| 26:33 | Build | Archery Range |
| 26:42 | Create | Villager (Male) |
| 26:42 | Create | Villager (Male) |
| 26:42 | Create | Villager (Male) |
| 26:42 | Create | Villager (Male) |
| 26:43 | Create | Villager (Male) |
| 26:43 | Create | Villager (Male) |
Build order — ciborg
First 150 of 206 actions detected
| 0:06 | Create | Villager (Male) |
| 0:06 | Create | Villager (Male) |
| 0:07 | Create | Villager (Male) |
| 0:07 | Create | Villager (Male) |
| 0:07 | Create | Villager (Male) |
| 0:10 | Build | House |
| 0:20 | Build | House |
| 0:22 | Build | House |
| 0:23 | Build | House |
| 0:56 | Build | Lumber Camp |
| 1:32 | Create | Villager (Male) |
| 1:33 | Create | Villager (Male) |
| 1:49 | Build | Lumber Camp |
| 2:13 | Create | Villager (Male) |
| 2:13 | Create | Villager (Male) |
| 2:35 | Create | Villager (Male) |
| 2:35 | Create | Villager (Male) |
| 2:57 | Create | Villager (Male) |
| 2:58 | Create | Villager (Male) |
| 3:22 | Create | Villager (Male) |
| 3:22 | Create | Villager (Male) |
| 3:55 | Research | Loom |
| 4:27 | Create | Villager (Male) |
| 4:27 | Create | Villager (Male) |
| 4:32 | Create | Villager (Male) |
| 5:09 | Create | Villager (Male) |
| 5:28 | Build | Mill |
| 5:31 | Create | Villager (Male) |
| 5:31 | Create | Villager (Male) |
| 6:01 | Create | Villager (Male) |
| 6:01 | Create | Villager (Male) |
| 6:11 | Create | Villager (Male) |
| 6:12 | Create | Villager (Male) |
| 7:05 | Create | Villager (Male) |
| 7:05 | Create | Villager (Male) |
| 7:21 | Create | Villager (Male) |
| 7:21 | Create | Villager (Male) |
| 7:21 | Create | Villager (Male) |
| 7:22 | Create | Villager (Male) |
| 7:29 | Build | House |
| 7:31 | Build | House |
| 7:32 | Build | House |
| 7:35 | Build | House |
| 7:36 | Build | House |
| 7:38 | Build | House |
| 8:30 | Build | Farm |
| 8:48 | Build | Mining Camp |
| 8:54 | Create | Villager (Male) |
| 8:54 | Create | Villager (Male) |
| 8:54 | Create | Villager (Male) |
| 8:54 | Create | Villager (Male) |
| 8:55 | Create | Villager (Male) |
| 8:55 | Create | Villager (Male) |
| 8:55 | Create | Villager (Male) |
| 9:43 | Build | Farm |
| 9:48 | Build | Farm |
| 10:12 | Build | Farm |
| 10:14 | Build | Farm |
| 10:18 | Build | Farm |
| 10:29 | Build | Farm |
| 10:46 | Build | Farm |
| 10:52 | Build | Farm |
| 11:14 | Build | Farm |
| 11:34 | Build | Farm |
| 11:39 | Research | Feudal Age |
| 11:57 | Build | Farm |
| 12:11 | Build | Farm |
| 13:20 | Create | Villager (Male) |
| 13:20 | Create | Villager (Male) |
| 13:20 | Create | Villager (Male) |
| 13:21 | Create | Villager (Male) |
| 13:21 | Create | Villager (Male) |
| 13:21 | Create | Villager (Male) |
| 13:21 | Create | Villager (Male) |
| 13:22 | Create | Villager (Male) |
| 13:22 | Create | Villager (Male) |
| 13:48 | Age | Feudal Age |
| 14:04 | Build | Market |
| 14:12 | Build | Blacksmith |
| 14:24 | Build | Farm |
| 15:11 | Build | Farm |
| 15:33 | Build | Farm |
| 15:58 | Build | Farm |
| 16:27 | Build | Farm |
| 16:31 | Research | Castle Age |
| 16:46 | Build | Mining Camp |
| 17:11 | Create | Villager (Male) |
| 17:12 | Create | Villager (Male) |
| 17:12 | Create | Villager (Male) |
| 17:12 | Create | Villager (Male) |
| 17:12 | Create | Villager (Male) |
| 17:13 | Create | Villager (Male) |
| 17:13 | Create | Villager (Male) |
| 17:33 | Build | Barracks |
| 17:55 | Research | Horse Collar |
| 17:58 | Research | Double-Bit Axe |
| 18:13 | Research | Wheelbarrow |
| 19:49 | Age | Castle Age |
| 19:54 | Build | Town Center |
| 20:18 | Build | Town Center |
| 20:31 | Build | Barracks |
| 21:22 | Build | Barracks |
| 21:23 | Build | Barracks |
| 21:30 | Create | Villager (Male) |
| 21:30 | Create | Villager (Male) |
| 21:30 | Create | Villager (Male) |
| 21:31 | Create | Villager (Male) |
| 21:31 | Create | Villager (Male) |
| 21:31 | Create | Villager (Male) |
| 21:31 | Create | Villager (Male) |
| 21:32 | Create | Villager (Male) |
| 21:32 | Create | Villager (Male) |
| 21:32 | Create | Villager (Male) |
| 21:32 | Create | Villager (Male) |
| 21:33 | Create | Villager (Male) |
| 21:33 | Create | Villager (Male) |
| 21:33 | Create | Villager (Male) |
| 21:34 | Create | Villager (Male) |
| 21:34 | Create | Villager (Male) |
| 21:34 | Create | Villager (Male) |
| 21:35 | Create | Villager (Male) |
| 21:35 | Create | Villager (Male) |
| 21:35 | Create | Villager (Male) |
| 21:36 | Create | Villager (Male) |
| 21:42 | Create | Villager (Male) |
| 21:42 | Create | Villager (Male) |
| 22:19 | Research | Bow Saw |
| 22:19 | Research | Bow Saw |
| 22:39 | Create | Villager (Male) |
| 22:39 | Create | Villager (Male) |
| 22:40 | Create | Villager (Male) |
| 22:53 | Build | Archery Range |
| 22:55 | Build | Archery Range |
| 22:56 | Build | Archery Range |
| 22:57 | Build | Archery Range |
| 23:11 | Build | Archery Range |
| 23:14 | Create | Villager (Male) |
| 23:15 | Create | Villager (Male) |
| 23:15 | Create | Villager (Male) |
| 23:15 | Create | Villager (Male) |
| 23:16 | Create | Villager (Male) |
| 23:42 | Build | Farm |
| 24:22 | Build | Town Center |
| 24:32 | Research | Fletching |
| 24:33 | Research | Padded Archer Armor |
| 24:33 | Research | Padded Archer Armor |
| 24:35 | Research | Forging |
| 24:40 | Research | Scale Mail Armor |
| 24:41 | Research | Scale Mail Armor |
| 24:53 | Research | Squires |
Build order — 我想直帝
First 150 of 186 actions detected
| 0:01 | Create | Villager (Male) |
| 0:01 | Create | Villager (Male) |
| 0:02 | Create | Villager (Male) |
| 0:03 | Build | House |
| 0:05 | Build | House |
| 0:23 | Create | Villager (Male) |
| 0:23 | Create | Villager (Male) |
| 1:18 | Create | Villager (Male) |
| 1:44 | Build | Lumber Camp |
| 1:50 | Create | Villager (Male) |
| 1:50 | Create | Villager (Male) |
| 2:08 | Create | Villager (Male) |
| 2:37 | Create | Villager (Male) |
| 3:06 | Create | Villager (Male) |
| 3:06 | Create | Villager (Male) |
| 3:24 | Build | House |
| 3:28 | Create | Villager (Male) |
| 3:29 | Create | Villager (Male) |
| 3:48 | Create | Villager (Male) |
| 3:56 | Build | House |
| 4:20 | Build | Mill |
| 4:20 | Create | Villager (Male) |
| 4:27 | Build | Palisade Wall |
| 4:32 | Build | Palisade Wall |
| 4:34 | Build | Palisade Wall |
| 4:37 | Build | Palisade Wall |
| 4:42 | Build | Palisade Wall |
| 4:44 | Build | Palisade Wall |
| 4:47 | Build | Palisade Wall |
| 4:51 | Create | Villager (Male) |
| 4:54 | Build | Palisade Wall |
| 4:55 | Build | Palisade Wall |
| 4:57 | Build | Palisade Wall |
| 5:00 | Build | Palisade Wall |
| 5:03 | Build | Palisade Wall |
| 5:06 | Build | Palisade Wall |
| 5:11 | Create | Villager (Male) |
| 5:12 | Create | Villager (Male) |
| 5:40 | Create | Villager (Male) |
| 5:45 | Build | Mining Camp |
| 5:56 | Create | Villager (Male) |
| 6:22 | Create | Villager (Male) |
| 6:43 | Build | Palisade Wall |
| 6:45 | Build | Palisade Wall |
| 6:48 | Build | Palisade Wall |
| 6:56 | Create | Villager (Male) |
| 7:09 | Create | Villager (Male) |
| 7:19 | Create | Villager (Male) |
| 7:19 | Create | Villager (Male) |
| 7:35 | Create | Villager (Male) |
| 8:21 | Build | Farm |
| 8:23 | Build | Farm |
| 8:32 | Build | House |
| 8:50 | Research | Feudal Age |
| 9:38 | Create | Villager (Male) |
| 9:39 | Create | Villager (Male) |
| 11:00 | Age | Feudal Age |
| 11:01 | Build | Market |
| 11:03 | Build | Blacksmith |
| 11:04 | Research | Double-Bit Axe |
| 11:45 | Build | Mining Camp |
| 11:48 | Research | Castle Age |
| 12:15 | Research | Horse Collar |
| 13:10 | Build | Farm |
| 13:12 | Build | Farm |
| 13:14 | Research | Gold Mining |
| 13:31 | Create | Villager (Male) |
| 13:50 | Research | Loom |
| 13:58 | Build | Mill |
| 14:30 | Age | Castle Age |
| 14:39 | Create | Villager (Male) |
| 15:05 | Build | Castle |
| 15:07 | Create | Villager (Male) |
| 15:32 | Create | Villager (Male) |
| 15:38 | Build | Farm |
| 15:43 | Build | Mill |
| 15:45 | Build | Monastery |
| 15:55 | Create | Villager (Male) |
| 16:13 | Research | Town Watch |
| 16:23 | Build | Farm |
| 16:24 | Create | Villager (Male) |
| 16:25 | Create | Jaguar Warrior |
| 16:36 | Create | Jaguar Warrior |
| 16:45 | Build | Siege Workshop |
| 16:46 | Create | Monk |
| 16:51 | Create | Villager (Male) |
| 16:54 | Build | Farm |
| 16:55 | Build | Farm |
| 17:19 | Create | Villager (Male) |
| 17:31 | Create | Villager (Male) |
| 17:33 | Build | Farm |
| 17:45 | Create | Villager (Male) |
| 17:59 | Create | Villager (Male) |
| 18:01 | Create | Villager (Male) |
| 18:23 | Create | Villager (Male) |
| 18:30 | Create | Jaguar Warrior |
| 18:31 | Create | Jaguar Warrior |
| 18:31 | Create | Battering Ram |
| 18:35 | Build | Farm |
| 18:49 | Create | Battering Ram |
| 18:50 | Create | Jaguar Warrior |
| 19:12 | Create | Jaguar Warrior |
| 19:19 | Research | Wheelbarrow |
| 19:21 | Build | Farm |
| 20:08 | Create | Jaguar Warrior |
| 20:08 | Create | Jaguar Warrior |
| 20:11 | Create | Battering Ram |
| 20:22 | Research | Scale Mail Armor |
| 20:43 | Build | House |
| 20:44 | Build | House |
| 20:44 | Build | House |
| 20:46 | Create | Villager (Male) |
| 20:56 | Create | Villager (Male) |
| 21:17 | Create | Battering Ram |
| 21:23 | Research | Bow Saw |
| 21:28 | Create | Villager (Male) |
| 21:50 | Create | Villager (Male) |
| 21:57 | Build | House |
| 22:01 | Build | Farm |
| 22:06 | Create | Villager (Male) |
| 22:22 | Research | Chain Mail Armor |
| 22:25 | Create | Villager (Male) |
| 22:26 | Build | Barracks |
| 22:32 | Build | Mining Camp |
| 22:44 | Build | House |
| 22:45 | Build | Farm |
| 22:55 | Build | Lumber Camp |
| 22:58 | Create | Villager (Male) |
| 23:06 | Create | Jaguar Warrior |
| 23:06 | Create | Jaguar Warrior |
| 23:06 | Create | Jaguar Warrior |
| 23:08 | Research | Forging |
| 23:14 | Build | Farm |
| 23:21 | Create | Villager (Male) |
| 23:37 | Create | Jaguar Warrior |
| 23:38 | Create | Jaguar Warrior |
| 23:45 | Create | Villager (Male) |
| 24:20 | Build | Town Center |
| 24:26 | Create | Villager (Male) |
| 24:32 | Create | Jaguar Warrior |
| 24:32 | Create | Jaguar Warrior |
| 24:47 | Create | Villager (Male) |
| 25:01 | Create | Villager (Male) |
| 25:17 | Create | Villager (Male) |
| 25:17 | Create | Villager (Male) |
| 25:17 | Create | Villager (Male) |
| 25:19 | Build | Farm |
| 25:21 | Build | Farm |
| 25:21 | Create | Villager (Male) |
| 25:33 | Create | Jaguar Warrior |
Match timeline
| 4:27 | 我想直帝 · wall_segment Palisade Wall x1 |
| 4:32 | 我想直帝 · wall_segment Palisade Wall x1 |
| 4:34 | 我想直帝 · wall_segment Palisade Wall x1 |
| 4:37 | 我想直帝 · wall_segment Palisade Wall x1 |
| 4:42 | 我想直帝 · wall_segment Palisade Wall x1 |
| 4:44 | 我想直帝 · wall_segment Palisade Wall x1 |
| 4:47 | 我想直帝 · wall_segment Palisade Wall x1 |
| 4:54 | 我想直帝 · wall_segment Palisade Wall x1 |
| 4:55 | 我想直帝 · wall_segment Palisade Wall x1 |
| 4:57 | 我想直帝 · wall_segment Palisade Wall x1 |
| 5:00 | 我想直帝 · wall_segment Palisade Wall x1 |
| 5:03 | 我想直帝 · wall_segment Palisade Wall x1 |
| 5:06 | 我想直帝 · wall_segment Palisade Wall x1 |
| 6:43 | 我想直帝 · wall_segment Palisade Wall x1 |
| 6:45 | 我想直帝 · wall_segment Palisade Wall x1 |
| 6:48 | 我想直帝 · wall_segment Palisade Wall x1 |
| 9:35 | Wowi · first_building Barracks |
| 11:00 | 我想直帝 · age_up feudal |
| 11:27 | budreaux · age_up feudal |
| 11:31 | Wowi · age_up feudal |
| 12:46 | DSLG | Jorg3.M · age_up feudal |
| 12:48 | Slayer30 · age_up feudal |
| 13:01 | MANMOOSE · first_building Barracks |
| 13:05 | MANMOOSE · age_up feudal |
| 13:48 | ciborg · age_up feudal |
| 14:17 | Wowi · first_building Archery Range |
| 14:30 | 我想直帝 · age_up castle |
| 15:05 | 我想直帝 · first_building Castle |
| 15:45 | 我想直帝 · first_building Monastery |
| 16:35 | budreaux · first_building Barracks |
| 16:45 | 我想直帝 · first_building Siege Workshop |
| 17:02 | MANMOOSE · wall_segment Stone Wall x8 |
| 17:09 | Slayer30 · age_up castle |
| 17:33 | ciborg · first_building Barracks |
| 17:56 | Wowi · age_up castle |
| 18:20 | MANMOOSE · wall_segment Stone Wall x18 |
| 18:42 | budreaux · first_building Stable |
| 18:48 | Wowi · first_building Monastery |
| 18:48 | 我想直帝 · first_market_buy 100 food |
| 19:08 | budreaux · age_up castle |
| 19:19 | budreaux · first_building Castle |
| 19:21 | DSLG | Jorg3.M · age_up castle |
| 19:41 | Wowi · wall_segment Palisade Wall x1 |
| 19:43 | Wowi · wall_segment Palisade Wall x1 |
| 19:49 | ciborg · age_up castle |
| 19:50 | DSLG | Jorg3.M · first_building Monastery |
| 19:50 | MANMOOSE · first_building Archery Range |
| 20:25 | DSLG | Jorg3.M · first_building Barracks |
| 20:30 | MANMOOSE · resign |
| 20:52 | Slayer30 · first_building Siege Workshop |
| 21:07 | Slayer30 · wall_segment Stone Wall x9 |
| 21:17 | Slayer30 · wall_segment Stone Wall x9 |
| 21:25 | DSLG | Jorg3.M · first_market_buy 100 wood |
| 21:56 | DSLG | Jorg3.M · first_building Archery Range |
| 22:01 | LordSakayO · first_building Castle |
| 22:26 | 我想直帝 · first_building Barracks |
| 22:46 | Wowi · wall_segment Palisade Wall x1 |
| 22:52 | Wowi · wall_segment Palisade Wall x1 |
| 22:53 | ciborg · first_building Archery Range |
| 23:04 | DSLG | Jorg3.M · first_building Castle |
| 24:16 | Wowi · first_building Castle |
| 27:00 | Wowi · first_building Siege Workshop |
| 27:13 | budreaux · first_building Monastery |
| 28:09 | Slayer30 · first_market_sell 100 food |
[ AI ANALYSIS · 1 CREDIT ]
What really happened in this match?
Wolo.gg analyzes every decision: build order, eco, micro, common mistakes by bracket. Personalized analysis on WhatsApp or Discord in 30 seconds.
Civ guide
Britons
Map guide
Arena
Perfil
LordSakayO